 Dungeon Crawl Stone Soup version 0.28-a0-529-g3bad584f25 (webtiles) character file.

Game seed: 13266673930253797016

131309 shoop the Cloud Mage (level 17, 0/104 HPs)
             Began as a Tengu Air Elementalist on Aug 31, 2021.
             Was an Elder of Sif Muna.
             Killed from afar by an ice dragon (51 damage)
             ... with a blast of cold
             ... on level 1 of the Depths on Sept 24, 2021.
             The game lasted 02:14:35 (35909 turns).

shoop the Cloud Mage (Tengu Air Elementalist)      Turns: 35909, Time: 02:14:36

Health: 0/104      AC: 14    Str: 10    XL:     17   Next: 10%
Magic:  34/42      EV: 19    Int: 27    God:    Sif Muna [****..]
Gold:   3263       SH:  0    Dex: 21    Spells: 10/38 levels left

rFire   . . .      SeeInvis .   F - staff of air
rCold   . . .      Faith    .   (no shield)
rNeg    . . .      Spirit   .   v - +4 ring mail of Zihoqasm {Dex+6 Stlth-}
rPois   .          Reflect  .   (helmet restricted)
rElec   +          Harm     .   J - +0 cloak {Will+}
rCorr   .          Rampage  .   i - +1 pair of gloves
Will    ++...                   (boots unavailable)
Stlth   ++........              O - amulet of magic regeneration
HPRegen 0.27/turn               t - +6 ring of intelligence
MPRegen 0.53/turn               n - ring of magical power

@: flying quickly and evasively, quick
A: beak, talons 3, nimble flight
a: Renounce Religion, Channel Magic, Forget Spell, Divine Exegesis


You were on level 1 of the Depths.
You worshipped Sif Muna.
Sif Muna was greatly pleased with you.
You visited 5 branches of the dungeon, and saw 25 of its levels.
You also visited: Sewer, Gauntlet and Ice Cave.

You collected 3703 gold pieces.
You spent 440 gold pieces at shops.

Inventory:

Hand Weapons
 D - the +5 great sword "Roithriat" {venom, rElec Dex+4}
   (You found it on level 5 of the Dungeon)

   It poisons the flesh of those it strikes.
   Dex:       It affects your dexterity (+4).
   rElec:     It insulates you from electricity.
 Z - the +11 longbow "Seit" {freeze, Int+4}
   (You found it on level 4 of the Lair of Beasts)

   Any ammunition fired from it freezes those it strikes, dealing additional
   cold damage.
   It can also slow down cold-blooded creatures.
   Int:       It affects your intelligence (+4).
Missiles
 a - 481 arrows
 B - 2 throwing nets
Armour
 b - the +4 cloak of the Centipede {rC- rCorr Str+2}
   (You found it on level 2 of the Lair of Beasts)

   Str:       It affects your strength (+2).
   rC:        It makes you vulnerable to cold.
   rCorr:     It protects you from acid and corrosion.
 i - a +1 pair of gloves (worn)
 v - the +4 ring mail of Zihoqasm (worn) {Dex+6 Stlth-}
   (You found it on level 5 of the Lair of Beasts)

   Dex:       It affects your dexterity (+6).
   Stlth:     It makes you less stealthy.
 J - a +0 cloak of willpower (worn)
 M - +0 fire dragon scales
 N - the +1 robe of the Comet {rPois rN++ Str-5 SInv}
   (You found it on level 8 of the Dungeon)

   Str:       It affects your strength (-5).
   rPois:     It protects you from poison.
   rN:        It greatly protects you from negative energy.
   SInv:      It lets you see invisible.
Magical Staves
 F - a staff of air (weapon)
Jewellery
 d - a ring of ice
 g - the ring of Dafudeit {rElec rC- AC+4 Str+3 Stlth+}
   (You acquired it on level 12 of the Dungeon)

   [ring of protection]

   AC:        It affects your AC (+4).
   Str:       It affects your strength (+3).
   rC:        It makes you vulnerable to cold.
   rElec:     It insulates you from electricity.
   Stlth:     It makes you more stealthy.
 n - a ring of magical power (right hand)
 t - a +6 ring of intelligence (left hand)
 y - a ring of protection from cold
 A - a ring of wizardry
 O - an amulet of magic regeneration (around neck)
 U - a ring of protection from fire
 W - the ring of Understanding {Fly Str+6}
   (You found it in a Gauntlet)

   [ring of flight]

   Str:       It affects your strength (+6).
   Fly:       It grants you flight.
 X - a ring of resist corrosion
Wands
 m - a wand of charming (8)
 w - a wand of paralysis (11)
 S - a wand of acid (24)
 V - a wand of iceblast (23)
Scrolls
 c - 2 scrolls of fog
 e - 3 scrolls of teleportation
 j - a scroll of summoning
 k - a scroll of identify
 q - 2 scrolls of magic mapping
 s - 5 scrolls of enchant armour
 u - 4 scrolls of enchant weapon
 C - 2 scrolls of vulnerability
 K - 3 scrolls of torment
 Q - a scroll of fear
 R - a scroll of silence
 T - 3 scrolls of blinking
 Y - 3 scrolls of immolation
Potions
 f - 3 potions of haste
 l - a potion of invisibility
 o - a potion of brilliance
 p - 2 potions of magic
 x - 8 potions of curing
 z - 7 potions of lignification
 E - 5 potions of mutation
 G - a potion of berserk rage
 H - 10 potions of ambrosia
 I - 3 potions of might
 P - a potion of resistance
Miscellaneous
 h - a lightning rod (4/4)
 L - a box of beasts


   Skills:
 - Level 11.0 Fighting
 - Level 1.0 Long Blades
 - Level 1.0 Staves
 - Level 8.0 Armour
 - Level 10.0 Dodging
 - Level 5.0 Stealth
 + Level 11.3 Spellcasting
 - Level 3.0 Conjurations
 - Level 4.0 Summonings
 - Level 2.0 Translocations
 + Level 2.3 Ice Magic
 + Level 22.2 Air Magic
 - Level 12.7 Invocations
 - Level 3.0 Evocations


You had 10 spell levels left.
You knew the following spells:

 Your Spells              Type           Power      Damage    Failure   Level
a - Static Discharge      Conj/Air       90%        N/A       1%          2
b - Blink                 Tloc           N/A        N/A       5%          2
c - Airstrike             Air            58%        N/A       0%          4
d - Summon Lightning Spi  Summ/Air       92%        N/A       1%          4
f - Freezing Cloud        Conj/Ice/Air   39%        6-21      5%          5
m - Maxwell's Capacitive  Air            58%        ∞         6%          8
s - Swiftness             Air            100%       N/A       0%          3

Your spell library contained the following spells:

 Spells                   Type           Power      Damage    Failure   Level
 Shock                    Conj/Air       100%       1d9       1%          1
 Summon Small Mammal      Summ           100%       N/A       1%          1
 Corpse Rot               Necr/Air       N/A        N/A       1%          2
 Poisonous Vapours        Pois/Air       100%       N/A       1%          2
 Mephitic Cloud           Conj/Pois/Air  74%        N/A       1%          3
 Lightning Bolt           Conj/Air       45%        1d65      1%          5
 Magic Dart               Conj           100%       1d8       2%          1
 Silence                  Hex/Air        42%        N/A       2%          5
 Apportation              Tloc           52%        N/A       3%          1
 Searing Ray              Conj           62%        2d6       3%          2
 Foxfire                  Conj/Fire      92%        2x1d8     4%          1
 Call Canine Familiar     Summ           36%        N/A       4%          3
 Conjure Ball Lightning   Conj/Air       45%        3x3d16    7%          6
 Ensorcelled Hibernation  Hex/Ice        42%        N/A       8%          2
 Animate Skeleton         Necr           30%        N/A       9%          1
 Beastly Appendage        Tmut           30%        N/A       9%          1
 Corona                   Hex            15%        N/A       9%          1
 Pain                     Necr           60%        1d7       9%          1
 Sandblast                Erth           30%        2d9       9%          1
 Ozocubu's Armour         Ice            28%        N/A       10%         3
 Lesser Beckoning         Tloc           26%        N/A       11%         3
 Sublimation of Blood     Necr           7%         N/A       12%         2
 Wereblood                Tmut           15%        N/A       12%         2
 Dazzling Flash           Conj/Hex       46%        N/A       13%         3
 Stone Arrow              Conj/Erth      46%        3d9       13%         3
 Spider Form              Tmut/Pois      7%         N/A       24%         3
 Vampiric Draining        Necr           7%         2d7       24%         3
 Fulminant Prism          Conj/Hex       11%        3d9       41%         4
 Iskenderun's Battlesphe  Conj           31%        2d8       54%         5
 Summon Forest            Summ/Tloc      15%        N/A       54%         5
 Storm Form               Tmut/Air       42%        N/A       58%         7
 Animate Dead             Necr           7%         N/A       63%         4
 Leda's Liquefaction      Hex/Erth       7%         N/A       63%         4
 Olgreb's Toxic Radiance  Pois           15%        N/A       63%         4
 Manifold Assault         Tloc           26%        N/A       69%         5
 Summon Mana Viper        Hex/Summ       26%        N/A       69%         5
 Fireball                 Conj/Fire      11%        3d7       77%         5
 Irradiate                Conj/Tmut      11%        3d17      77%         5
 Bolt of Magma            Conj/Fire/Erth 10%        4d7       83%         5
 Agony                    Necr           15%        N/A       92%         5
 Alistair's Intoxication  Tmut/Pois      10%        N/A       92%         5
 Borgnjor's Vile Clutch   Necr/Erth      7%         N/A       92%         5
 Excruciating Wounds      Necr           7%         N/A       92%         5
 Summon Cactus Giant      Summ           18%        N/A       94%         6
 Death Channel            Necr           7%         N/A       100%        6
 Eringya's Noxious Bog    Tmut/Pois      7%         N/A       100%        6
 Iron Shot                Conj/Erth      11%        9d3       100%        6
 Simulacrum               Ice/Necr       10%        N/A       100%        6
 Statue Form              Tmut/Erth      10%        N/A       100%        6
 Haunt                    Necr/Summ      13%        N/A       100%        7
 Monstrous Menagerie      Summ           18%        N/A       100%        7
 Orb of Destruction       Conj           15%        9d7       100%        7
 Ozocubu's Refrigeration  Ice            14%        4d7       100%        7
 Spellforged Servitor     Conj/Summ      17%        N/A       100%        7
 Summon Hydra             Summ           18%        N/A       100%        7
 Discord                  Hex            7%         N/A       100%        8
 Disjunction              Tloc           13%        N/A       100%        8
 Ignition                 Fire           7%         3d5       100%        8
 Infestation              Necr           7%         N/A       100%        8
 Summon Horrible Things   Summ           18%        N/A       100%        8
 Chain Lightning          Conj/Air       45%        3d60      100%        9


Dungeon Overview and Level Annotations

Branches:
Dungeon (15/15)            Temple (1/1) D:6            Lair (6/6) D:9
 Shoals (0/4) Lair:3       Spider (0/4) Lair:2        Slime (0/5) Lair:6
    Orc (2/2) D:12            Elf (0/3) Orc:2        Vaults (0/5) D:13
 Depths (1/5) D:15          Sewer (visited)           IceCv (visited)
Gauntlet (visited)

Altars:
Ashenzari
Cheibriados
Dithmenos
Elyvilon
Fedhas
Gozag
Hepliaklqana
Kikubaaqudgha
Makhleb
Nemelex Xobeh
Okawaru
Qazlal
Ru
Sif Muna
Trog
Uskayaw
Vehumet
Wu Jian
Xom
Yredelemnul
Zin
The Shining One

Shops:
D:7 **   Orc:2 ([[?

Annotations:
D:5 2 transporters, CraigForest's ghost, novice GrHu
D:10 3 runed translucent doors, HilariousDeathArtist's ghost, journeyman GnAK
Lair:1 2 transporters, lessens's ghost, journeyman TeHu


Innate Abilities, Weirdness & Mutations

You have a beak for a mouth.
You have claws for feet.
Your magical nature lets you fly swiftly and evasively.


Message History

Casting: Summon Lightning Spire (safe; 1% risk of failure)
Confirm with . or Enter, or press ? or * to list all spells.
Okay, then.
Casting: Summon Lightning Spire (safe; 1% risk of failure)
Confirm with . or Enter, or press ? or * to list all spells.
You feel a surge of power!
The ettin is struck by an arc of lightning!
The ettin is lightly wounded.
The ettin barely misses you. x2
The ice dragon bites your lightning spire!
The ice dragon claws your lightning spire.
The ice dragon tramples your lightning spire but does no damage.
Casting: Static Discharge (safe; 1% risk of failure)
Confirm with . or Enter, or press ? or * to list all spells.
You feel a surge of power!
The ettin is struck by an arc of lightning!!
The ettin is heavily wounded.
You resist.
You are struck by an arc of lightning.
The ettin is struck by an arc of lightning.
The ettin is heavily wounded.
You resist.
You are struck by an arc of lightning.
The ice dragon bites your lightning spire!
The ice dragon claws your lightning spire!
The ice dragon tramples your lightning spire but does no damage.
Your lightning spire shoots out a bolt of lightning at the ice dragon!
The bolt of electricity hits the ice dragon!
The ettin hits you with a +0 dire flail!!
The ettin misses you.
Casting: Static Discharge (safe; 1% risk of failure)
Confirm with . or Enter, or press ? or * to list all spells.
You feel a surge of power!
The ettin is struck by an arc of lightning.
The ettin is severely wounded.
The ettin completely misses you.
The ettin hits you with a +0 great mace!!
The ice dragon breathes frost at you.
The blast of cold hits your lightning spire.
Your lightning spire resists.
The blast of cold hits you!!!
You die...

#? .. ## .# #..
..#.###..#
##......... .
##..........
...#...........
...............
.......@.......
.......C.......
........8......
.........D.....
...............
...............
...............
...............


You could see an ice dragon (catching breath, ally target), an ettin and a
friendly lightning spire (summoned).

Vanquished Creatures
  A lich (IceCv)
  Roxanne (D:15)
  An orc warlord (Orc:1)
  A minotaur (Gauntlet)
  2 fire dragons (D:15)
  5 hydras
  An ogre mage (Orc:2)
  4 caustic shrike simulacra (IceCv)
  5 centaur warriors
  A death knight (D:13)
  4 death yaks (Lair:6)
  3 catoblepae (Lair:6)
  14 two-headed ogres
  2 dancing weapons (D:13)
  A tengu warrior (D:13)
  A skeletal warrior (D:13)
  3 bog bodies (IceCv)
  A wizard (Gauntlet)
  A necromancer (IceCv)
  3 deep elf pyromancers
  An obsidian statue (IceCv)
  An orc sorcerer (Orc:2)
  An oklob plant (Lair:2)
  A manticore (Lair:6)
  3 cyclopes
  22 ugly things
  An elephant (Lair:5)
  A merfolk siren (Lair:3)
  5 black mambas
  3 unseen horrors
  7 cane toads
  3 rime drakes
  11 freezing wraiths
  A minotaur zombie (Gauntlet)
  A kobold demonologist (D:13)
  2 komodo dragons
  2 tengu conjurers
  An entropy weaver simulacrum (IceCv)
  2 polar bears
  2 trolls
  11 slime creatures
  A hornet (D:8)
  9 blink frogs
  A spriggan simulacrum (IceCv)
  A water elemental (D:13)
  A shadow (D:7)
  A vampire (D:9)
  2 wraiths
  3 wyverns
  31 yaks
  4 dire elephant simulacra (IceCv)
  2 hogs (D:13)
  3 basilisks
  3 steam dragons
  A vampire mosquito (D:10)
  Menkaure (D:5)
  A minotaur simulacrum (IceCv)
  A warg (Orc:2)
  2 harpy simulacra (IceCv)
  An acid dragon (D:6)
  16 water moccasins
  An ice beast (D:6)
  12 orc warriors
  2 sky beasts (D:5)
  3 black bears
  An ettin simulacrum (IceCv)
  6 alligator simulacra (IceCv)
  8 ogres
  3 centaurs
  3 wolves
  14 bullfrogs
  7 scorpions
  26 killer bees
  2 water moccasin skeletons
  2 lindwurm simulacra (IceCv)
  2 wights (D:10)
  8 electric eels
  2 howler monkeys
  6 centaur zombies
  A hound (D:6)
  9 orc priests
  A jelly (D:6)
  A gnoll shaman (D:5)
  4 iguanas
  Ijyb (D:4)
  3 hell rats (Lair:6)
  16 orc wizards
  A hound zombie (D:5)
  2 hound skeletons
  A howler monkey zombie (D:8)
  11 gnolls
  8 adders
  A howler monkey skeleton (D:3)
  A shadow imp (D:7)
  2 white imps
  3 ufetubi
  An adder skeleton (D:4)
  5 worms
  4 dart slugs
  44 orcs
  8 endoplasms
  10 giant cockroaches
  6 goblins
  8 hobgoblins
  11 jackals
  9 quokkas
  8 ball pythons
  11 bats
  4 frilled lizards
  7 kobolds
  5 rats
537 creatures vanquished.

Vanquished Creatures (collateral kills)
  Kirke (D:13)
  Josephine (D:11)
  5 hydras
  4 ogre magi
  2 boulder beetles
  2 catoblepae
  10 two-headed ogres
  A death yak (Lair:6)
  2 bog bodies (IceCv)
  A wizard (Gauntlet)
  2 oklob plants (Lair:2)
  4 cyclopes
  9 ugly things
  A manticore (Lair:6)
  2 elephants (Lair:5)
  A centaur zombie (D:11)
  2 black mambas
  A minotaur zombie (Gauntlet)
  7 cane toads
  An ice devil (IceCv)
  3 freezing wraiths (IceCv)
  7 komodo dragons
  A queen bee (Lair:3)
  A queen bee (shapeshifter) (D:14)
  A troll (D:10)
  2 polar bears
  9 blink frogs
  A hornet (D:13)
  7 slime creatures
  A dire elephant simulacrum (IceCv)
  3 wyverns
  34 yaks
  5 wraiths
  5 hogs (D:13)
  A minotaur simulacrum (IceCv)
  A basilisk (Lair:3)
  A harpy simulacrum (IceCv)
  7 vampire mosquitoes
  A warg (Orc:1)
  4 water moccasins
  5 orc warriors
  An ettin simulacrum (IceCv)
  4 wolves
  An alligator simulacrum (IceCv)
  21 ogres
  3 bullfrogs
  A deep troll simulacrum (IceCv)
  A scorpion (Lair:2)
  4 killer bees (Lair:3)
  2 lindwurm simulacra (IceCv)
  3 wights (D:10)
  4 orc priests
  A jelly (D:5)
  A gnoll shaman (D:10)
  An iguana (D:9)
  6 orc wizards
  4 hell rats (Lair:6)
  A gnoll (D:10)
  An adder (D:5)
  2 shadow imps (Gauntlet)
  A white imp (Gauntlet)
  A worm (Lair:2)
  29 orcs
  A giant cockroach (Lair:2)
253 creatures vanquished.

Vanquished Creatures (others)
  23 fungi
  81 plants
  4 toadstools (D:1)
  9 withered plants (Gauntlet)
117 creatures vanquished.

Grand Total: 907 creatures vanquished

Notes
Turn   | Place    | Note
-------+----------+-------------------------------------------
     0 | D:1      | shoop the Tengu Air Elementalist began the quest for the
                  | Orb.
     0 | D:1      | Reached XP level 1. HP: 10/10 MP: 4/4
   193 | D:1      | Reached XP level 2. HP: 15/15 MP: 0/6
   617 | D:1      | Found a faded altar of an unknown god.
   912 | D:2      | Reached XP level 3. HP: 19/19 MP: 0/7
  1048 | D:2      | Learned a level 3 spell: Swiftness
  1196 | D:2      | Reached skill level 5 in Air Magic
  1678 | D:2      | Reached XP level 4. HP: 23/24 MP: 3/8
  2672 | D:3      | Reached skill level 1 in Armour
  2730 | D:3      | Learned a level 4 spell: Airstrike
  2847 | D:3      | Gained mutation: Your magical nature lets you fly swiftly
                  | and evasively. [Tengu growth]
  2847 | D:3      | Reached XP level 5. HP: 28/28 MP: 8/10
  3317 | D:3      | Reached skill level 6 in Air Magic
  3490 | D:4      | Noticed a centaur
  3888 | D:4      | Reached XP level 6. HP: 32/32 MP: 6/11
  4069 | D:4      | Reached skill level 7 in Air Magic
  4148 | D:4      | Noticed Ijyb
  4153 | D:4      | Killed Ijyb
  4514 | D:4      | Reached XP level 7. HP: 21/36 MP: 4/13
  4526 | D:4      | Reached skill level 1 in Evocations
  4748 | D:5      | Entered Level 5 of the Dungeon
  4812 | D:5      | Reached skill level 8 in Air Magic
  4875 | D:5      | Noticed Menkaure
  5328 | D:5      | Killed Menkaure
  5329 | D:5      | Reached skill level 9 in Air Magic
  5433 | D:5      | Learned a level 4 spell: Summon Lightning Spire
  5438 | D:5      | Reached XP level 8. HP: 41/41 MP: 5/15
  5632 | D:5      | Reached skill level 1 in Summonings
  6252 | D:5      | Reached skill level 5 in Spellcasting
  6252 | D:5      | Reached skill level 10 in Air Magic
  6698 | D:5      | Identified the +5 great sword "Roithriat" {venom, rElec
                  | Dex+4}
  6843 | D:5      | Noticed CraigForest's ghost (novice GrHu)
  6844 | D:5      | Found a transporter.
  6844 | D:5      | Identified the +4 dire flail of Bespelled Guile {vorpal,
                  | rPois rF+ Will- Dex+2}
  6848 | D:5      | Found a transporter.
  6975 | D:6      | Reached skill level 1 in Fighting
  6983 | D:6      | Reached XP level 9. HP: 41/47 MP: 3/17
  7046 | D:6      | Reached skill level 1 in Long Blades
  7088 | D:6      | Found a glowing drain.
  7203 | Sewer    | Entered a sewer
  7435 | D:6      | Reached skill level 1 in Staves
  7645 | D:6      | Found a staircase to the Ecumenical Temple.
  7662 | Temple   | Entered the Ecumenical Temple
  7843 | Temple   | Became a worshipper of Sif Muna the Loreminder
  8562 | D:7      | Reached skill level 11 in Air Magic
  8942 | D:7      | Found Bekkiwif's Mass Market.
  9414 | D:7      | Found Irio's CLEARANCE SALE! EVERYTHING MUST GO!.
  9419 | D:7      | Bought a scroll of identify for 12 gold pieces
  9419 | D:7      | Bought a scroll of magic mapping for 21 gold pieces
  9422 | D:7      | Identified a scroll of acquirement
  9581 | D:8      | Identified the +1 robe of the Comet {rPois rN++ Str-5 SInv}
  9660 | D:8      | Noticed a hornet
  9664 | D:8      | Killed a hornet
  9807 | D:8      | Reached XP level 10. HP: 56/56 MP: 14/20
  9916 | D:8      | Reached * piety under Sif Muna
 10420 | D:9      | Reached skill level 5 in Dodging
 10420 | D:9      | Reached skill level 12 in Air Magic
 10492 | D:9      | Reached skill level 5 in Stealth
 10694 | D:9      | Reached skill level 13 in Air Magic
 10761 | D:9      | Reached ** piety under Sif Muna
 10814 | D:9      | Found a staircase to the Lair.
 10842 | D:9      | Reached skill level 5 in Fighting
 11122 | D:9      | Found a burning altar of Makhleb.
 11130 | D:10     | Entered Level 10 of the Dungeon
 11136 | D:10     | Reached XP level 11. HP: 58/63 MP: 3/23
 11251 | D:10     | Reached skill level 14 in Air Magic
 11382 | D:10     | Got Gyhoilyni's Grimoire of Harmful Stones
 11504 | D:10     | Learned a level 8 spell: Maxwell's Capacitive Coupling
 11770 | D:9      | Learned a level 2 spell: Static Discharge
 11885 | D:10     | Noticed a two-headed ogre
 11892 | D:10     | Killed a two-headed ogre
 11991 | D:10     | Learned a level 2 spell: Blink
 12222 | D:10     | Noticed an 11-headed hydra
 12223 | D:10     | Found a runed translucent gate.
 12223 | D:10     | Noticed HilariousDeathArtist's ghost (journeyman GnAK)
 12461 | D:10     | Reached skill level 1 in Translocations
 12461 | D:10     | Reached skill level 15 in Air Magic
 12480 | D:10     | Noticed an 11-headed hydra
 12487 | D:10     | Found a runed translucent gate.
 12487 | D:10     | Found a runed translucent gate.
 12706 | D:11     | Noticed a cyclops
 12711 | D:11     | Killed a cyclops
 12961 | D:11     | Reached *** piety under Sif Muna
 12985 | D:11     | Noticed Josephine
 12989 | D:11     | Killed Josephine
 13382 | D:11     | Reached skill level 16 in Air Magic
 13503 | D:11     | Reached XP level 12. HP: 66/68 MP: 16/25
 14074 | D:12     | Noticed a catoblepas
 14427 | D:12     | Noticed a seven-headed hydra
 14594 | D:12     | Reached **** piety under Sif Muna
 14607 | D:12     | Killed a seven-headed hydra
 14608 | D:12     | Reached skill level 17 in Air Magic
 14738 | D:12     | Found a staircase to the Orcish Mines.
 14750 | D:12     | Noticed a two-headed ogre
 15147 | D:12     | Killed a catoblepas
 15148 | D:12     | Reached skill level 1 in Invocations
 15297 | D:12     | Killed a two-headed ogre
 15366 | D:13     | Noticed a centaur warrior
 15401 | D:12     | Acquired the ring of Dafudeit {rElec rC- AC+4 Str+3 Stlth+}
 15558 | D:13     | Noticed a centaur warrior
 15558 | D:13     | Noticed a centaur warrior
 15740 | Orc:1    | Entered Level 1 of the Orcish Mines
 15740 | Orc:1    | Found a shimmering altar of Xom.
 15895 | Orc:1    | Noticed an ogre mage
 15897 | Orc:1    | Noticed a two-headed ogre
 15898 | Orc:1    | Killed an ogre mage
 15899 | Orc:1    | Reached skill level 10 in Spellcasting
 15899 | Orc:1    | Noticed a two-headed ogre
 15901 | Orc:1    | Killed a two-headed ogre
 15905 | Orc:1    | Noticed a two-headed ogre
 15914 | Orc:1    | Noticed a two-headed ogre
 16168 | Lair:1   | Entered Level 1 of the Lair of Beasts
 16244 | Lair:1   | Found a transporter.
 16261 | Lair:1   | Noticed lessens's ghost (journeyman TeHu)
 16270 | Lair:1   | Noticed a six-headed hydra
 16281 | Lair:1   | Reached ***** piety under Sif Muna
 16499 | Lair:1   | Reached skill level 5 in Invocations
 16571 | Lair:1   | Found a transporter.
 16607 | Lair:1   | Received a gift from Sif Muna
 16649 | Lair:1   | Got Meaffoem's Guide on Air and Moulding {god gift}
 16928 | Lair:1   | Reached XP level 13. HP: 25/72 MP: 21/28
 17502 | Lair:1   | Identified the +4 scale mail of Weightlessness {rPois rC-
                  | rCorr Int+4}
 18019 | Lair:2   | Found a hole to the Spider Nest.
 18099 | Lair:2   | You are sucked into a shaft and drop 2 floors!
 18109 | Lair:4   | Identified the +11 longbow "Seit" {freeze, Int+4}
 18130 | Lair:2   | Identified the +4 cloak of the Centipede {rC- rCorr Str+2}
 19664 | Lair:3   | Identified the +3 chain mail of the Ant {+Blink rF+}
 20036 | Lair:3   | Reached skill level 10 in Invocations
 20145 | Lair:3   | Found a staircase to the Shoals.
 21333 | Lair:4   | Received a gift from Sif Muna
 21409 | Lair:4   | Got Hugivosch's Guide on Summoning and Sinister Magic {god
                  | gift}
 22003 | Lair:4   | Identified the +9 scale mail of the Unseen Realm {MP+9
                  | Dex+2}
 22113 | Lair:5   | Reached XP level 14. HP: 78/78 MP: 21/29
 22213 | Lair:5   | You are sucked into a shaft and drop 1 floor!
 22213 | Lair:6   | Entered Level 6 of the Lair of Beasts
 23270 | Lair:5   | Acquired 791 gold pieces
 23295 | Lair:5   | Identified the +4 ring mail of Zihoqasm {Dex+6 Stlth-}
 24201 | Lair:6   | Found a staircase to the Slime Pits.
 25290 | Lair:6   | Received a gift from Sif Muna
 25398 | Lair:6   | Got Sif Muna's Catalogue of Weightlessness {god gift}
 25419 | Lair:6   | Reached skill level 5 in Armour
 26160 | Orc:1    | Reached skill level 18 in Air Magic
 26160 | Orc:1    | Reached XP level 15. HP: 30/86 MP: 12/30
 26568 | Orc:2    | Entered Level 2 of the Orcish Mines
 26569 | Orc:2    | Noticed an orc warlord
 26588 | Orc:1    | Killed an orc warlord
 26622 | Orc:2    | Found a gate leading to a gauntlet.
 26631 | Gauntlet | Entered a Gauntlet
 26631 | Gauntlet | Found a transporter.
 26797 | Gauntlet | Found a transporter.
 26814 | Gauntlet | Found a transporter.
 26818 | Gauntlet | Found a transporter.
 26839 | Gauntlet | Found a transporter.
 26855 | Gauntlet | Found a transporter.
 26858 | Gauntlet | Found a transporter.
 26862 | Gauntlet | Found a transporter.
 26905 | Gauntlet | Found a transporter.
 26905 | Gauntlet | Found a transporter.
 26908 | Gauntlet | Found a transporter.
 26939 | Gauntlet | Found a transporter.
 27137 | Gauntlet | Identified the amulet of Berell {Harm rPois Will- Regen+
                  | Dex+4}
 27140 | Gauntlet | Identified the ring of Understanding {Fly Str+6}
 28051 | Orc:2    | Found a staircase to the Elven Halls.
 28792 | Orc:2    | Found Nelec's Antique Weapon Shop.
 28794 | Orc:2    | Found Evouveir's Antique Armour Shoppe.
 28841 | Orc:2    | Found Honiy's Magic Scroll Boutique.
 28841 | Orc:2    | Found Vaot's Armour Shoppe.
 28851 | Orc:2    | Bought a scroll of blinking for 127 gold pieces
 28851 | Orc:2    | Bought a scroll of blinking for 127 gold pieces
 28851 | Orc:2    | Bought a scroll of teleportation for 51 gold pieces
 28851 | Orc:2    | Bought a scroll of identify for 34 gold pieces
 28851 | Orc:2    | Bought a scroll of identify for 34 gold pieces
 28851 | Orc:2    | Bought a scroll of identify for 34 gold pieces
 29782 | D:13     | Received a gift from Sif Muna
 29793 | D:13     | Got Lyshroun's Disquisition on the Hurtful Glacier {god
                  | gift}
 30084 | D:13     | Reached skill level 19 in Air Magic
 30221 | D:13     | Found a gate to the Vaults.
 30262 | D:13     | Reached XP level 16. HP: 96/96 MP: 23/31
 30494 | D:13     | Reached skill level 10 in Dodging
 30840 | D:13     | Noticed Kirke
 31001 | D:13     | Killed Kirke
 31002 | D:13     | Reached skill level 10 in Fighting
 31736 | D:14     | Found a shadowy altar of Dithmenos.
 32286 | D:15     | Entered Level 15 of the Dungeon
 32861 | D:15     | Found a frozen archway.
 32879 | IceCv    | Entered an ice cave
 33657 | IceCv    | Reached skill level 20 in Air Magic
 34138 | IceCv    | Found an ancient bone altar of Kikubaaqudgha.
 34428 | IceCv    | Noticed a lich
 34468 | IceCv    | Killed a lich
 34708 | IceCv    | Got the Volume of Evil Ice
 35363 | D:14     | Learned a level 5 spell: Freezing Cloud
 35435 | D:15     | Reached skill level 1 in Ice Magic
 35441 | D:15     | Reached XP level 17. HP: 104/104 MP: 26/33
 35668 | D:15     | Noticed Roxanne
 35673 | D:15     | Killed Roxanne
 35772 | D:15     | Found a staircase to the Depths.
 35868 | D:15     | Reached skill level 22 in Air Magic
 35868 | D:15     | Upgraded the game from 0.28-a0-313-gbc0475efdd to
                  | 0.28-a0-529-g3bad584f25
 35905 | Depths:1 | Entered Level 1 of the Depths
 35909 | Depths:1 | Killed from afar by an ice dragon

Illustrated notes

Levels and vault maps discovered:
D:1:      ldierk_walled_garden_2, layout_rooms,
          hellmonk_ecumenical_altar_inner_sanctum
D:2:      minmay_angry_zag, layout_basic
D:3:      layout_loops_cross, serial_bayou_pond_b
D:4:      layout_basic, uniq_ijyb
D:5:      minmay_octagon_keep, layout_cave_pods, gammafunk_ghost_smash,
          uniq_menkaure
D:6:      layout_gridville, minmay_temple_entry_fiery, gup_sewer_entry_pipe,
          kennysheep_generic_room_9
D:7:      layout_basic, minmay_shop_mass, nicolae_shop_clearance
D:8:      layout_cave_pools, minivault_23, st_stairs_13
D:9:      layout_big_octagon, lemuel_tele_altar, minmay_lair_entry_grove
D:10:     layout_cave_pods, gammafunk_ghost_hydra_chop, serial_park_tiny_1,
          minmay_between
D:11:     layout_irregular_city, chequers_big_river, uniq_josephine
D:12:     layout_roguey, hiddenorc2_lemuel
D:13:     minmay_s_stair_smasher, layout_irregular_city, erik_vaults_1,
          kennysheep_path_1, uniq_kirke
D:14:     layout_irregular_city, nicolae_dithmenos_through_a_glass_darkly
D:15:     grunt_enter_depths_hoard, layout_cave_pools, hangedman_glass_teeth,
          portal_ice_cave_entry_ugly_swarm, uniq_roxanne
Temple:   minmay_crystal_snake_temple
Lair:1:   layout_cave_pods, nzn_ghost_randoct, beast_lair_carwin_9
Lair:2:   layout_layer_cave, nicolae_spider_entry_non_spiders,
          serial_bayou_shore_b, grunt_megastairs_1, infiniplex_staircase_pool_2,
          minmay_lair_oklob_chamber, serial_bayou_shore_b, lemuel_fruit_fields
Lair:3:   layout_roguey [special_room_bee], minmay_shoals_entry_lonely_mermaid
Lair:4:   layout_gridlike
Lair:5:   layout_hall_layers, grunt_megastairs_2, lemuel_fruit_fields
Lair:6:   evilmike_catoblepas_cave, layout_gridlike, slime_dummy,
          small_statue_intersection, lemuel_fruit_fields, lemuel_fruit_tree,
          lemuel_fruit_fields
Orc:1:    layout_caves, basic_altar
Orc:2:    st_orc_ogre_mass, layout_caves, gauntlet_entry_generic
Depths:1: layout_cave_shapes, grunt_hell_entry_dis_grunt,
          abyss_entry_flame_altar, drop_trap, chequers_serial_rivers_room_a,
          minmay_fire_ice_demons

Skill      XL: |  1  2  3  4  5  6  7  8  9 10 11 12 13 14 15 16 17 |
---------------+----------------------------------------------------+-----
Conjurations   | 2 3 |  3.0
Air Magic      | 5 6 7 9 10 11 13 16 17 18 19 20 22 | 22.2
Armour         | 1 2 5 8 |  8.0
Spellcasting   | 3 4 5 6 7 8 10 11 | 11.3
Evocations     | 2 3 |  3.0
Summonings     | 4 |  4.0
Fighting       | 1 3 5 7 9 10 11 | 11.0
Long Blades    | 1 |  1.0
Dodging        | 4 5 7 9 10 | 10.0
Staves         | 1 |  1.0
Stealth        | 4 5 |  5.0
Translocations | 2 |  2.0
Invocations    | 6 11 12 | 12.7
Ice Magic      | 1 2 |  2.3

Action                   |  1- 3 |  4- 6 |  7- 9 | 10-12 | 13-15 | 16-18 || total
-------------------------+-------+-------+-------+-------+-------+-------++-------
Melee: Mace              |     8 |     2 |       |       |       |       ||    10
       Kick              |     1 |     2 |     9 |    13 |    15 |     6 ||    46
       Peck              |     1 |     1 |     4 |     6 |    12 |     4 ||    28
       Dagger            |       |     6 |    27 |       |       |       ||    33
       Great sword       |       |       |     4 |       |       |       ||     4
       Staff             |       |       |     1 |    66 |    49 |     9 ||   125
 Cast: Shock             |    85 |   121 |   122 |    68 |       |       ||   396
       Airstrike         |       |     5 |    54 |   148 |   294 |   122 ||   623
       Summon Lightning  |       |       |     1 |    49 |   124 |    47 ||   221
       Static Discharge  |       |       |       |    16 |   112 |    31 ||   159
       Swiftness         |       |       |       |     2 |     8 |     4 ||    14
       Blink             |       |       |       |     1 |    12 |     3 ||    16
       Infestation       |       |       |       |       |     1 |       ||     1
       Maxwell's Capacit |       |       |       |       |     4 |     9 ||    13
       Ignition          |       |       |       |       |     1 |     3 ||     4
       Freezing Cloud    |       |       |       |       |       |     4 ||     4
Invok: Divine Exegesis   |       |       |       |       |     2 |     3 ||     5
       Channel Magic     |       |       |       |       |     1 |       ||     1
Evoke: Wand              |       |       |       |     1 |     4 |     3 ||     8
  Use: Potion            |     1 |       |       |     3 |     1 |       ||     5
       Scroll            |       |       |    11 |     8 |    13 |     4 ||    36
 Stab: Sleeping          |       |     1 |       |       |       |       ||     1
       Distracted        |       |       |       |       |     1 |       ||     1
Armor: Robe              |     1 |       |       |       |       |       ||     1
       Leather armour    |       |     5 |     7 |       |       |       ||    12
       Steam dragon scal |       |       |     3 |    23 |    28 |       ||    54
       Ring mail         |       |       |       |       |    54 |    20 ||    74
Dodge: Dodged            |    15 |    14 |    44 |    76 |   170 |    45 ||   364

Table legend: (Time is in decaauts)
 A = Elapsed time spent in this place.
 B = Non-inter-level travel time spent in this place.
 C = Inter-level travel time spent in this place.
 D = Time resting spent in this place.
 E = Time spent auto-exploring this place.
 F = Levels seen in this place.
 G = Mean time per level.
                   A        B        C        D        E       F      G
               +--------+--------+--------+--------+--------+-----+--------+
         Total |  34279 |  32758 |   1521 |   5695 |  21377 |  28 | 1224.2 |
       Dungeon |  20170 |  19169 |   1001 |   2847 |  13380 |  15 | 1344.7 |
        Temple |    170 |    125 |     45 |      0 |      0 |   1 |  170.0 |
          Lair |   9011 |   8599 |    412 |   1132 |   6229 |   6 | 1501.8 |
  Orcish Mines |   2173 |   2112 |     61 |    458 |   1016 |   2 | 1086.5 |
        Depths |      3 |      3 |      0 |      0 |      0 |   1 |    3.0 |
         Sewer |    201 |    201 |      0 |      0 |    148 |   1 |  201.0 |
      Ice Cave |   1868 |   1868 |      0 |   1191 |    259 |   1 | 1868.0 |
      Gauntlet |    680 |    680 |      0 |     67 |    343 |   1 |  680.0 |
               +--------+--------+--------+--------+--------+-----+--------+

Top non-repeatable levels by time:
    D:12: 2128 daAuts
    D:13: 1991 daAuts
   IceCv: 1868 daAuts
     D:5: 1856 daAuts
  Lair:1: 1804 daAuts
    D:14: 1708 daAuts
     D:2: 1706 daAuts
  Lair:6: 1659 daAuts
  Lair:5: 1643 daAuts
  Lair:2: 1486 daAuts
    D:11: 1461 daAuts
     D:4: 1458 daAuts
  Lair:3: 1393 daAuts
    D:10: 1321 daAuts
   Orc:2: 1285 daAuts
